Cogmind - Beta 16 --- EXPLORER MODE // 2025.12.18 @ 14:25:14 Player: K.K.Y. Result: Destroyed by G-50 Soldier with Heavy Laser Performance ------------- Evolutions (5) 2500 Regions Visited (14) 2800 Robots Destroyed (319) 1595 Value Destroyed (13521) 13521 Prototype IDs (49) 980 Alien Tech Used (0) 0 Bonus (2416) 2416 TOTAL SCORE: 23812 Bonus ------- Follower Combat Kills 486 Met Data Miner 300 Met Warlord at Base 500 MAIN.C Attacked Warlord 500 Warlord Defense Kills 630 Cogmind --------- Core Integrity 0/1000 Matter 214/300 Energy 90/100 System Corruption 3% Temperature Cool (27) Movement Flying (310) Ox4 Location -5/Warlord Parts ------- > --- POWER (2) -------- (None) > --- PROPULSION (5) --- Improved Diametric Drive > --- UTILITY (9) ------ Advanced Cooling System 0b10 Decoder Chip [Looter] Experimental Targeting Computer Experimental Armor Integrity Analyzer Layered Heavy Armor Plating Centrium Medium Armor Plating Dynamic Insulation System (fused) > --- WEAPON (2) ------- (None) > --- INVENTORY (5) ---- Humpback Quantum Rifle Enhanced Gauss Cannon Power Sword Peak State ------------ > --- POWER ------------ Vortex Chain Reactor > --- PROPULSION ------- Armored Medium Treads Armored Medium Treads Armored Medium Treads Heavy Treads > --- UTILITY ---------- Improved Cooling System Advanced Cooling System Huge Storage Unit 0b10 Decoder Chip [Looter] Experimental Targeting Computer Experimental Core Analyzer Experimental Phase Shifter Dynamic Insulation System Dynamic Insulation System > --- WEAPON ----------- KE Penetrator Thermoblaster > --- INVENTORY -------- Enhanced Fission Core Light Antimatter Reactor Improved Diametric Drive Humpback Machine Analyzer Triangulator Advanced Signal Interpreter IFF Parser Advanced Salvage Targeting Computer Experimental Armor Integrity Analyzer Advanced ECM Suite Layered Heavy Armor Plating Advanced Hacking Suite Ghost Barrier Quantum Rifle Disruptor Cannon Advanced Plasma Cannon Enhanced Gauss Cannon Hypervelocity Gauss Cannon Advanced Remote Datajack Improved Plasma Cutter Power Maul Power Sword [Rating: 126] Favorites ----------- Power Fission Core Engine Heavy Deuterium Engine Power Core Fission Core Reactor Light Antimatter Reactor Propulsion Advanced Medium Treads Treads Advanced Medium Treads Leg Carbon-fiber Leg Hover Unit Antigrav System Flight Unit Improved Cesium-ion Thruster Utility Huge Storage Unit Device Advanced Heat Sink Storage Huge Storage Unit Processor Experimental Targeting Computer Hackware Improved System Shield Protection Makeshift Light Armor Plating Weapon Antimatter Cannon Energy Gun Improved Spread Laser Energy Cannon Advanced Plasma Cannon Ballistic Gun Makeshift Shrapnel Gun Ballistic Cannon Antimatter Cannon Launcher Thermoblaster Special Weapon Mining Laser Impact Weapon Hammer Special Melee Weapon Dirty Datajack Build | -11 -10 -10 -10 -9 -9 -6 -6 -6 -6 -5 -5 -5 -5 -5 ------- Run | Yrd Mat Min Sub Rec Scr Fac Low Low Dat Pro Fac Upp Upp War Slots Evolved 11 | . 1 . . . . 8 . . . . 2 . . . Power 1 | . . . . . . 1 . . . . . . . . Propulsion 3 | . . . . . . 2 . . . . 1 . . . Utility 7 | . 1 . . . . 5 . . . . 1 . . . Weapon . | . . . . . . . . . . . . . . . Parts Attached 214 | 6 3 4 12 3 3 75 3 10 . 20 51 1 3 20 Power 26 | 1 . . 1 . . 12 . 1 . 5 5 . . 1 Engine 7 | 1 . . . . . 3 . 1 . 2 . . . . Core 16 | . . . 1 . . 9 . . . 3 3 . . . Reactor 3 | . . . . . . . . . . . 2 . . 1 Propulsion 55 | 2 . . 3 3 . 20 . 2 . 5 14 . . 6 Treads 43 | 2 . . 3 3 . 12 . . . 4 14 . . 5 Leg 2 | . . . . . . . . 1 . 1 . . . . Wheel . | . . . . . . . . . . . . . . . Hover 8 | . . . . . . 7 . 1 . . . . . . Flight 2 | . . . . . . 1 . . . . . . . 1 Utility 82 | 1 2 1 5 . 1 30 3 7 . 5 18 1 1 7 Device 48 | . . . 1 . 1 17 3 5 . 5 12 1 1 2 Storage 4 | . 2 . . . . 2 . . . . . . . . Processor 13 | 1 . 1 . . . 3 . 2 . . 4 . . 2 Hackware 6 | . . . . . . 4 . . . . 2 . . . Protection 11 | . . . 4 . . 4 . . . . . . . 3 Artifact . | . . . . . . . . . . . . . . . Weapon 51 | 2 1 3 3 . 2 13 . . . 5 14 . 2 6 Energy Gun 14 | 2 1 . 1 . 1 6 . . . 1 1 . 1 . Energy Cannon 11 | . . . . . . 2 . . . 1 7 . . 1 Ballistic Gun 11 | . . 2 . . . 4 . . . 2 2 . 1 . Ballistic Cannon 7 | . . . 1 . . 1 . . . . 4 . . 1 Launcher 1 | . . . . . . . . . . . . . . 1 Special Weapon 5 | . . . 1 . 1 . . . . 1 . . . 2 Impact Weapon 1 | . . 1 . . . . . . . . . . . . Slashing Weapon . | . . . . . . . . . . . . . . . Piercing Weapon . | . . . . . . . . . . . . . . . Special Melee Weapon 1 | . . . . . . . . . . . . . . 1 Unidentified Prototypes 27 | . . . . . . 14 . . . 2 5 . . 6 Corrupted Parts 1 | . . . . . . . . . . 1 . . . . System Corruption 1 | . . . . . . . . . . 1 . . . . Parts Lost 70 | . . 3 . . . 12 3 3 . 10 17 1 1 20 Power 6 | . . 1 . . . 3 . . . . 1 . . 1 Propulsion 20 | . . . . . . 4 . 1 . 4 8 . . 3 Utility 28 | . . . . . . 4 3 2 . 2 6 1 1 9 Weapon 16 | . . 2 . . . 1 . . . 4 2 . . 7 Highest Loss Streak 20 | . . 1 . . . 1 2 3 . 5 5 1 1 20 To Critical Strikes 6 | . . . . . . 1 . . . 3 1 . . 1 Average Backups 20 | 2 5 13 11 11 18 22 22 22 23 22 23 23 22 22 Power . | . . 1 . . . . . . 2 3 2 1 1 1 Propulsion . | . 1 4 2 2 2 1 . . . . . . . 1 Utility 11 | 1 3 6 8 9 12 14 15 14 12 11 10 10 10 10 Weapon 5 | . 1 1 . . 1 5 6 6 8 6 8 10 8 7 Tool/Special . | . . . . . . . . . . . . . . . Unused Backups 51 | . . . . . 3 17 2 6 . 1 9 2 . 11 Power 4 | . . . . . . 1 . . . . 1 1 . 1 Propulsion 2 | . . . . . 1 . . 1 . . . . . . Utility 26 | . . . . . 2 8 1 4 . 1 5 . . 5 Weapon 16 | . . . . . . 5 1 1 . . 3 1 . 5 Tool/Special 3 | . . . . . . 3 . . . . . . . . Average Slot Usage (%) 90 | . 81 81 99 100 99 85 89 92 100 97 86 96 97 90 Engine 2 | . 12 . . . . 4 6 5 6 2 . . . . Core 7 | . . . 11 12 12 6 6 6 6 9 8 5 5 2 Treads 20 | . 25 25 25 25 25 14 25 22 18 20 17 27 26 24 Device 14 | . . . . . 3 14 13 17 25 24 19 27 30 28 Storage 7 | . 6 12 12 12 12 6 6 5 6 6 5 5 5 5 Processor 8 | . 12 20 . . . 4 6 15 18 18 17 12 11 11 Hackware 5 | . . . . . . 12 13 4 . . 2 . . . Protection 6 | . . . 24 25 20 5 . . . . . . . . Energy Gun 5 | . 25 8 6 12 11 6 6 6 6 3 . 5 5 1 Energy Cannon 1 | . . . . . . 1 . . . 2 6 . . . Ballistic Gun 3 | . . 7 6 12 11 . . . . 2 . 5 5 4 Ballistic Cannon 2 | . . . 5 . . 3 6 6 6 3 2 . . . Peak Build Rating 126 | 6 9 13 25 27 32 98 94 96 96 97 113 109 111 126 Average Rating 71 | 4 7 9 20 26 30 73 90 91 96 88 99 105 106 111 On Entrance 58 | . 6 9 13 25 27 31 94 88 96 96 77 109 109 103 Avg Prop Armor Cover (%) 2 | . . . . . . 1 . 3 3 3 7 . . . Naked Turns . | . . . . . . . . . . . . . . . Heaviest Build 165 | 8 90 30 40 40 100 154 79 115 115 140 147 130 131 165 Greatest Support 154 | 40 40 40 40 46 55 120 120 120 90 106 154 136 136 151 Greatest Overweight (x) 9 | . 2 . . . 2 9 . 6 1 5 4 . 1 5 Average Overweight (x) . | . . . . . 1 1 . . 1 1 . . . . Largest Inventory Capacity 25 | 5 25 15 15 15 25 25 25 25 25 25 25 25 25 25 Average Capacity 23 | 5 13 15 15 15 24 25 25 24 25 25 25 25 25 25 Most Carried 25 | 5 8 15 15 15 25 25 25 25 25 25 25 25 25 25 Average Carried 22 | 2 5 13 14 15 22 24 24 24 25 24 24 25 24 24 Final Capacity 25 | 5 15 15 15 15 25 25 25 25 25 25 25 25 25 5 Final Carried 25 | 3 8 15 15 15 25 25 25 25 25 25 25 25 25 5 Class Distribution -------------------- 82% | Hacker-Mutant 11% | Scavenger-Mutant 5% | Hacker-Skirmisher Dominant Class ---------------- Hacker-Mutant | -10/Materials Hacker-Mutant | -10/Mines Hacker-Mutant | -10/Subcaves Hacker-Mutant | -9/Recycling Hacker-Mutant | -9/Scraptown Hacker-Mutant | -6/Factory Hacker-Mutant | -6/Lower Caves Hacker-Mutant | -6/Lower Caves Scavenger-Mutant | -6/Data Miner Scavenger-Mutant | -5/Proximity Caves Hacker-Mutant | -5/Factory Hacker-Mutant | -5/Upper Caves Hacker-Mutant | -5/Upper Caves Hacker-Mutant | -5/Warlord Resources | -11 -10 -10 -10 -9 -9 -6 -6 -6 -6 -5 -5 -5 -5 -5 ----------- Run | Yrd Mat Min Sub Rec Scr Fac Low Low Dat Pro Fac Upp Upp War Matter Collected 6696 | 260 30 62 432 197 40 2064 305 212 . 585 1827 290 208 184 Remotely . | . . . . . . . . . . . . . . . Salvage Created 14482 | 165 513 306 582 355 . 4327 598 134 . 876 5353 677 383 213 Parts 605 | 18 24 11 32 20 . 168 17 5 . 35 220 29 13 13 Haulers Intercepted 13 | . 1 . . . . 6 . . . . 6 . . . Recyclers Shooed 8 | . 1 . . . . 6 . . . . 1 . . . Parts Field Recycled . | . . . . . . . . . . . . . . . Retrieved Matter . | . . . . . . . . . . . . . . . Parts Self-Destructed . | . . . . . . . . . . . . . . . Prevented . | . . . . . . . . . . . . . . . Parts Restored 1 | . . . . . . . . . . . 1 . . . Broken 1 | . . . . . . . . . . . 1 . . . Kills | -11 -10 -10 -10 -9 -9 -6 -6 -6 -6 -5 -5 -5 -5 -5 ------- Run | Yrd Mat Min Sub Rec Scr Fac Low Low Dat Pro Fac Upp Upp War Combat Hostiles Destroyed 252 | . 7 12 17 5 . 70 13 2 . 19 80 11 9 7 Melee 4 | . . . 4 . . . . . . . . . . . Guns 117 | . 6 10 9 5 . 43 6 1 . 10 4 11 9 3 Cannons 94 | . . . 1 . . 22 3 1 . 8 59 . . . AOE 14 | . . . . . . 2 3 . . . 5 . . 4 Classes Destroyed 23 | 2 5 3 2 . . 8 . . . 1 . . . 2 Worker 10 | . . . . . . 3 . . . . 7 . . . Builder 10 | . 2 1 . 1 . 4 . . . . 2 . . . Tunneler 6 | 5 . 1 . . . . . . . . . . . . Hauler 13 | . 1 . . . . 6 . . . . 6 . . . Recycler 16 | 1 2 . . . . 9 . . . . 4 . . . Mechanic 2 | . . . . . . 1 . . . . 1 . . . Operator 2 | . . . . . . 2 . . . . . . . . Drone 1 | . . . . . . . . . . 1 . . . . Turret 2 | . . . 2 . . . . . . . . . . . Watcher 14 | . 1 . . . . 7 . . . . 6 . . . Swarmer 34 | . 2 . 3 . . 13 2 . . 2 6 2 4 . Saboteur 3 | . . . . . . . . . . . . . . 3 Grunt 78 | . 5 . . . . 16 5 . . 10 30 5 4 3 Brawler 6 | . . . . . . 1 . . . 1 2 2 . . Duelist 6 | . . . . . . 3 . 1 . . 1 1 . . Sentry 26 | . . 1 . 4 . 12 1 1 . 1 5 1 . . Demolisher 3 | . . 2 . 1 . . . . . . . . . . Hunter 20 | . . . . . . 6 . . . 2 11 . 1 . Programmer 45 | . . . . . . 19 1 . . 1 24 . . . Behemoth 3 | . . . . . . 1 . . . 1 1 . . . Executioner 1 | . . . . . . . . . . . . . . 1 Subdweller 14 | . . . 14 . . . . . . . . . . . Assembled 9 | . . 9 . . . . . . . . . . . . Thug 1 | . . . . . . . 1 . . . . . . . Savage 3 | . . . . . . . 3 . . . . . . . Best Kill Streak 15 | 4 2 3 5 1 . 6 5 2 . 4 15 6 4 3 Combat Bots Only 7 | . 2 3 3 1 . 5 5 2 . 4 7 6 4 3 Max Kills in Single Turn 2 | 1 1 1 1 1 . 2 2 1 . 2 2 1 1 2 Gunslinging 1 | . . . . . . . . . . 1 . . . . Exploded 2 | . . . . . . 1 2 . . . 2 . . 2 Melee 1 | . . . 1 . . . . . . . . . . . Uniques/NPCs Destroyed . | . . . . . . . . . . . . . . . Combat | -11 -10 -10 -10 -9 -9 -6 -6 -6 -6 -5 -5 -5 -5 -5 -------- Run | Yrd Mat Min Sub Rec Scr Fac Low Low Dat Pro Fac Upp Upp War Hostile Shots Fired 2358 | . 24 33 95 16 . 714 54 48 . 171 610 77 45 471 Missed 789 | . 5 5 25 5 . 273 14 13 . 47 165 26 11 200 Hits 1569 | . 19 28 70 11 . 441 40 35 . 124 445 51 34 271 Melee 62 | . . 4 . . . 3 3 4 . . 2 7 . 39 Projectile 1507 | . 19 24 70 11 . 438 37 31 . 124 443 44 34 232 AOE 14 | . . 9 . 4 . . . . . . . . . 1 Critical Strikes 69 | . 1 1 2 1 . 17 7 3 . 4 17 2 1 13 Part Disruptions 5 | . . . . . . 1 . . . . 1 . . 3 Actively Blocked 3 | . . . . . . . . . . . . . . 3 Damage Taken 17366 | . 158 493 874 164 . 3409 620 525 . 1437 5234 616 290 3546 Core 1920 | . 29 102 108 9 . 358 31 76 . 204 634 22 27 320 Absorbed by Shields 220 | . . . . . . 220 . . . . . . . . Redirected to Shielding 58 | . . . . . . . . . . . . . . 58 Ignored by Resistances 11948 | . 102 286 512 99 . 2276 362 305 . 857 4053 626 306 2164 Regen/Repaired (Parts) 473 | . . . . . . 342 . . . . . . . 131 Core Remaining (%) 40 | 100 . . . . . . . . . 21 . . . . Volleys Fired 883 | 7 26 48 56 16 . 278 28 12 . 59 263 40 29 21 Largest 2 | 2 2 2 2 2 . 2 2 2 . 2 2 2 2 2 Hottest 293 | 90 115 115 100 99 . 158 88 88 . 188 188 98 98 293 Shots Fired 1643 | 14 52 77 98 32 . 521 56 24 . 108 501 77 52 31 Gun 926 | 14 52 77 90 32 . 355 28 12 . 73 45 77 52 19 Cannon 705 | . . . 5 . . 166 28 12 . 35 456 . . 3 Launcher 8 | . . . . . . . . . . . . . . 8 Special 4 | . . . 3 . . . . . . . . . . 1 Kinetic 619 | . . 8 53 16 . 172 28 12 . 73 169 39 29 20 Thermal 856 | 14 52 69 45 16 . 271 . . . 27 293 38 23 8 Explosive . | . . . . . . . . . . . . . . . Electromagnetic 167 | . . . . . . 78 28 12 . 8 39 . . 2 Robot Hit Streak 50 | 10 37 32 29 32 . 37 23 33 . 36 50 37 23 9 Robot Miss Streak 4 | . 1 2 1 1 . 4 2 1 . 1 3 2 2 1 Penetration Max 1 | . . . . . . . . . . 1 1 1 1 1 Secondary Targets 11 | . 1 1 . . . 3 . . . 3 . 2 1 . Max Gunslinging Chain 1 | . 1 1 . . . 1 . . . 1 . 1 1 . Shots Hit Robots 1346 | 10 46 62 63 26 . 451 45 17 . 96 399 64 42 25 Core Hits 739 | 7 20 28 30 13 . 369 25 6 . 34 155 25 13 14 Critical Kills 18 | . . . . . . 3 . . . 4 10 . . 1 Critical Parts Destroyed 14 | . . . 3 . . . . . . 6 1 1 2 1 Critical Strikes 74 | . 2 6 4 2 . 14 . . . 12 25 4 3 2 Burn 15 | . 2 6 . 2 . 2 . . . . . 2 1 . Meltdown 12 | . . . . . . 3 . . . . 9 . . . Destroy 20 | . . . . . . . . . . 12 2 2 2 2 Blast 18 | . . . . . . 5 . . . . 13 . . . Corrupt 5 | . . . . . . 4 . . . . 1 . . . Smash 4 | . . . 4 . . . . . . . . . . . Melee Attacks 50 | . . 5 45 . . . . . . . . . . . Impact 50 | . . 5 45 . . . . . . . . . . . Slashing . | . . . . . . . . . . . . . . . Piercing . | . . . . . . . . . . . . . . . Sneak Attacks . | . . . . . . . . . . . . . . . Combat Hostiles . | . . . . . . . . . . . . . . . Follow-up Attacks . | . . . . . . . . . . . . . . . Damage Inflicted 39209 | 121 605 845 1404 653 . 13107 1460 603 . 2222 14325 1653 1007 1204 Guns 16697 | 121 605 845 763 632 . 8035 436 170 . 1108 904 1653 1007 418 Cannons 19528 | . . . 107 . . 4816 689 259 . 1114 12501 . . 42 Explosions 2400 | . . . . . . 250 335 173 . . 919 . . 723 Melee 534 | . . . 534 . . . . . . . . . . . Ramming 50 | . . . . 21 . 6 . 1 . . 1 . . 21 Kinetic 13428 | . . 37 602 293 . 4389 689 259 . 1312 4116 779 522 430 Thermal 21596 | 121 605 808 268 339 . 7152 304 173 . 757 8987 874 485 723 Explosive 812 | . . . . . . 142 . . . . 670 . . . Electromagnetic 2789 | . . . . . . 1418 467 170 . 153 551 . . 30 Impact 534 | . . . 534 . . . . . . . . . . . Slashing . | . . . . . . . . . . . . . . . Piercing . | . . . . . . . . . . . . . . . Highest Corruption 10 | . 1 1 1 1 . 5 1 1 1 3 9 10 10 6 Average Corruption 2 | . 1 1 1 1 . 2 1 1 1 1 5 9 7 4 Corruption Purged 13 | . . . . . . 8 1 . . . . . 4 . Corruption Blocked . | . . . . . . . . . . . . . . . Effects 495 | . 1 7 26 7 . 184 7 15 1 30 113 77 26 1 Message Errors 131 | . 1 . 8 2 . 48 1 5 . 8 34 18 6 . Matter Fused 120 | . . . 4 3 . 46 3 4 . 7 28 22 3 . Heat Flow Errors 53 | . . 2 2 1 . 14 . 2 . 7 14 7 4 . Energy Discharges 53 | . . . 5 1 . 22 . 2 . 1 9 9 3 1 Parts Rejected 2 | . . . . . . 1 . . . 1 . . . . Parts Fused 4 | . . . . . . 2 . . . . 1 1 . . Data Loss (minor) 66 | . . 2 3 . . 30 . 1 . 2 14 9 5 . Data Loss (major) 32 | . . 2 3 . . 8 3 1 1 2 5 5 2 . Misfires 16 | . . 1 . . . 7 . . . 1 5 1 1 . Alerts 8 | . . . 1 . . 5 . . . . 1 1 . . Weapon Failures 10 | . . . . . . 1 . . . 1 2 4 2 . Overload Shots . | . . . . . . . . . . . . . . . Overflow Damage 736 | . . . 76 . . 276 7 30 . 74 249 . . 24 Projectiles 618 | . . . . . . 273 7 30 . 74 234 . . . Explosions 42 | . . . . . . 3 . . . . 15 . . 24 Melee 76 | . . . 76 . . . . . . . . . . . Knockbacks 56 | . . . 4 . . 23 3 1 . 4 21 . . . Impact 2 | . . . 2 . . . . . . . . . . . Kinetic 49 | . . . 2 . . 19 3 1 . 4 20 . . . Secondary 5 | . . . . . . 4 . . . . 1 . . . Self-Inflicted Damage 270 | . . . . . . 88 99 35 . . 48 . . . Shots 9 | . . . . . . 2 4 1 . . 2 . . . Rammed 9 | . . . . 3 . 2 . 1 . . 1 . . 2 Targets Rammed 9 | . . . . 3 . 2 . 1 . . 1 . . 2 Kicked . | . . . . . . . . . . . . . . . Crushed . | . . . . . . . . . . . . . . . Highest Temperature 469 | 120 348 455 200 402 . 469 341 259 . 188 208 225 215 234 Average Temperature 101 | 50 88 113 30 133 . 103 182 104 . 87 79 112 112 85 Received Heat Transfer 5702 | . 108 159 435 54 . 968 306 216 . 426 1560 276 180 1014 Effects 10 | . . 1 . 1 . 8 . . . . . . . . Shutdowns 4 | . . . . . . 4 . . . . . . . . Energy Bleed 1 | . . . . . . 1 . . . . . . . . Interference 3 | . . 1 . . . 2 . . . . . . . . Matter Decay 1 | . . . . 1 . . . . . . . . . . Damage (minor) 1 | . . . . . . 1 . . . . . . . . Siege Activations . | . . . . . . . . . . . . . . . Martial Activations . | . . . . . . . . . . . . . . . Shielding Activations . | . . . . . . . . . . . . . . . Robots Disrupted . | . . . . . . . . . . . . . . . Combat Hostiles . | . . . . . . . . . . . . . . . Robots Corrupted 9 | . . . 3 . . 2 1 . . . 3 . . . Combat Hostiles 8 | . . . 3 . . 1 1 . . . 3 . . . Parts Fried 11 | . . . 2 . . 4 . . . . 5 . . . Impact Corruptions 4 | . . . 3 . . 1 . . . . . . . . Robots Melted 18 | . 1 2 . . . 4 . . . 1 10 . . . Combat Hostiles 14 | . 1 2 . . . 2 . . . 1 8 . . . Parts Melted 67 | 1 4 4 1 2 . 19 . . . 3 29 1 2 1 Heat Transferred 30396 | 334 1754 2590 481 740 . 7981 300 200 . 1018 11851 1406 777 964 Parts Sabotaged 2 | . . . . . . . . . . . . . . 2 Parts Stolen . | . . . . . . . . . . . . . . . Parts Stripped . | . . . . . . . . . . . . . . . Power Chain Reactions 9 | . . . . . . 2 4 1 . . 2 . . . Alert | -11 -10 -10 -10 -9 -9 -6 -6 -6 -6 -5 -5 -5 -5 -5 ------- Run | Yrd Mat Min Sub Rec Scr Fac Low Low Dat Pro Fac Upp Upp War Maximum Alert Level 1 | . . . . . . . . . . . 1 . . . Low Security (%) 98 | 100 100 100 . 100 . 100 . . . . 94 . . . Level 1 1 | . . . . . . . . . . . 5 . . . Level 2 . | . . . . . . . . . . . . . . . Level 3 . | . . . . . . . . . . . . . . . Level 4 . | . . . . . . . . . . . . . . . Level 5 . | . . . . . . . . . . . . . . . High Security . | . . . . . . . . . . . . . . . Max Security . | . . . . . . . . . . . . . . . Peak Influence 300 | 15 50 30 . 28 . 98 . . . . 300 . . . Initial 300 | . . . . 8 . . . . . . 300 . . . Average 19 | 2 7 . . 1 . 5 . . . . 61 . . . Influence Increases 7657 | 30 204 100 145 131 . 2375 205 40 . 509 3014 357 377 170 Destroy 0b10 Robot/C 4780 | . 140 80 100 100 . 1460 180 40 . 460 1600 260 220 140 Destroy 0b10 Robot/NC 405 | 30 30 10 . 25 . 170 . . . 10 130 . . . Destroy Leader 1026 | . 34 10 . . . 508 10 . . 30 394 20 20 . Allied During Kill 18 | . . . . . . 5 . . . 9 . 2 2 . Successful Hack 151 | . . . . 6 . 74 . . . . 71 . . . Disable Machine 108 | . . . . . . 28 . . . . 80 . . . Destroy Structure 404 | . . . . . . 40 . . . . 364 . . . Advance Influence 300 | . . . . . . . . . . . 300 . . . Lose Combat Pursuer 465 | . . . 45 . . 90 15 . . . 75 75 135 30 Influence Decreases 7657 | 30 204 95 125 156 . 2370 210 40 . 509 3014 357 347 200 Entered New Map 54 | . . . 4 17 . . 3 . . . . . . 30 Time Decay 7222 | 30 204 75 120 139 . 2340 197 40 . 449 2854 347 297 130 Lost Part 340 | . . 20 . . . 30 10 . . 60 160 10 10 40 Lost Ally 41 | . . . 1 . . . . . . . . . 40 . Squads Dispatched 65 | . . . . . . 30 . 1 . 1 32 . 1 . Investigation 15 | . . . . . . 6 . . . 1 7 . 1 . Extermination 29 | . . . . . . 19 . . . . 10 . . . Reinforcement 13 | . . . . . . 4 . . . . 9 . . . Assault 2 | . . . . . . . . 1 . . 1 . . . Garrison 6 | . . . . . . 1 . . . . 5 . . . Intercept . | . . . . . . . . . . . . . . . Searches Triggered . | . . . . . . . . . . . . . . . Data Miner Redirects 4 | . . . . . . . . . . . 4 . . . Construction Impeded 1 | . . . . . . . . . . . 1 . . . Haulers Reinforced 7 | . . . . . . 2 . . . . 5 . . . Active Scanning Responses . | . . . . . . . . . . . . . . . Cargo Convoy Interrupts . | . . . . . . . . . . . . . . . Stealth | -11 -10 -10 -10 -9 -9 -6 -6 -6 -6 -5 -5 -5 -5 -5 --------- Run | Yrd Mat Min Sub Rec Scr Fac Low Low Dat Pro Fac Upp Upp War Distress Signals 9 | . 1 . . . . 4 . . . . 2 . . 2 Communications Jammed . | . . . . . . . . . . . . . . . Distress Signals . | . . . . . . . . . . . . . . . Times Spotted 410 | . 12 22 24 5 . 101 15 9 . 26 95 14 10 77 Peak Tracking Total 31 | . 3 3 6 2 . 4 7 7 . 7 6 9 6 31 Tactical Retreats 22 | . . . 1 . . 5 1 . . . 5 3 6 1 Traps | -11 -10 -10 -10 -9 -9 -6 -6 -6 -6 -5 -5 -5 -5 -5 ------- Run | Yrd Mat Min Sub Rec Scr Fac Low Low Dat Pro Fac Upp Upp War Traps Triggered 18 | . 4 . 2 . . 6 . . . . 6 . . . Indirectly . | . . . . . . . . . . . . . . . Trap Hack Attempts . | . . . . . . . . . . . . . . . Triggered . | . . . . . . . . . . . . . . . Disarmed . | . . . . . . . . . . . . . . . Reprogrammed . | . . . . . . . . . . . . . . . Reused . | . . . . . . . . . . . . . . . Traps Extracted . | . . . . . . . . . . . . . . . Installed . | . . . . . . . . . . . . . . . Triggered . | . . . . . . . . . . . . . . . Machines | -11 -10 -10 -10 -9 -9 -6 -6 -6 -6 -5 -5 -5 -5 -5 ---------- Run | Yrd Mat Min Sub Rec Scr Fac Low Low Dat Pro Fac Upp Upp War Machines Disabled 36 | . . . 1 . . 7 2 2 . 1 20 1 2 . Max in Single Turn 4 | . . . 1 . . 2 1 1 . . 4 1 1 . Garrison Access 6 | . . . . . . 3 . . . . 3 . . . Machines Repaired . | . . . . . . . . . . . . . . . Machines Dismantled . | . . . . . . . . . . . . . . . Machines Sabotaged . | . . . . . . . . . . . . . . . Overloaded Fab Kills . | . . . . . . . . . . . . . . . Hacking | -11 -10 -10 -10 -9 -9 -6 -6 -6 -6 -5 -5 -5 -5 -5 --------- Run | Yrd Mat Min Sub Rec Scr Fac Low Low Dat Pro Fac Upp Upp War Machines Accessed 69 | . . . 2 13 . 28 1 3 4 1 14 1 1 1 Terminals 25 | . . . . 6 . 13 1 . . 1 3 . 1 . Fabricators 6 | . . . . . . 3 . . . . 3 . . . Repair Stations 4 | . . . . . . 3 . . . . 1 . . . Recycling Units 11 | . . . . 7 . 2 . . . . 2 . . . Scanalyzers 6 | . . . . . . 4 . . . . 2 . . . Garrison Access 6 | . . . . . . 3 . . . . 3 . . . Total Hacks 266 | . . . 5 32 . 140 6 5 28 3 41 1 4 1 Successful 189 | . . . 5 23 . 89 6 5 28 3 24 1 4 1 Failed 77 | . . . . 9 . 51 . . . . 17 . . . Catastrophic 8 | . . . . . . 4 . . . . 4 . . . Database Lockouts . | . . . . . . . . . . . . . . . Manual 35 | . . . . 19 . 12 . . . . 3 . . 1 Terminals 84 | . . . . 14 . 53 6 . . 3 4 . 4 . Fabricators 22 | . . . . . . 11 . . . . 11 . . . Repair Stations 19 | . . . . . . 16 . . . . 3 . . . Recycling Units 26 | . . . . 18 . 3 . . . . 5 . . . Scanalyzers 64 | . . . . . . 50 . . . . 14 . . . Garrison Access 11 | . . . . . . 7 . . . . 4 . . . Terminal Hacks 71 | . . . 5 4 . 13 6 5 28 3 1 1 4 1 Record 31 | . . . 4 . . . 6 3 11 3 . . 4 . Part Schematic 21 | . . . . 3 . 9 . . 8 . 1 . . . Robot Schematic 10 | . . . . 1 . 3 . . 6 . . . . . Prototype ID Bank 3 | . . . . . . . . . 3 . . . . . Open Door 4 | . . . . . . . . 2 . . . 1 . 1 Zone Layout 1 | . . . . . . 1 . . . . . . . . Proto ID Catalog 1 | . . . 1 . . . . . . . . . . . Fabricator Hacks 16 | . . . . . . 10 . . . . 6 . . . Load Schematic 9 | . . . . . . 5 . . . . 4 . . . Build 7 | . . . . . . 5 . . . . 2 . . . Repair Station Hacks 15 | . . . . . . 14 . . . . 1 . . . Scan Component 8 | . . . . . . 7 . . . . 1 . . . Repair 7 | . . . . . . 7 . . . . . . . . Recycling Unit Hacks 9 | . . . . 6 . 2 . . . . 1 . . . Retrieve Components 9 | . . . . 6 . 2 . . . . 1 . . . Scanalyzer 48 | . . . . . . 37 . . . . 11 . . . Insert Component 23 | . . . . . . 18 . . . . 5 . . . Analyze 25 | . . . . . . 19 . . . . 6 . . . Garrison Access Hacks 5 | . . . . . . 3 . . . . 2 . . . Seal Access 5 | . . . . . . 3 . . . . 2 . . . Unauthorized Hacks 25 | . . . . 13 . 10 . . . . 2 . . . Terminals 17 | . . . . 6 . 9 . . . . 2 . . . Botnet 17 | . . . . 6 . 9 . . . . 2 . . . Fabricators . | . . . . . . . . . . . . . . . Repair Stations . | . . . . . . . . . . . . . . . Recycling Units 8 | . . . . 7 . 1 . . . . . . . . Reject 8 | . . . . 7 . 1 . . . . . . . . Scanalyzers . | . . . . . . . . . . . . . . . Garrison Access . | . . . . . . . . . . . . . . . Data Cores Recovered 1 | . . . . . . 1 . . . . . . . . Used . | . . . . . . . . . . . . . . . Hacking Detections 41 | . . . . 8 . 20 . . . 1 11 . 1 . Full Trace Events 14 | . . . . 2 . 3 . . . 1 7 . 1 . Feedback Events 1 | . . . . . . 1 . . . . . . . . Corruption 1 | . . . . . . 1 . . . . . . . . Feedback Blocked . | . . . . . . . . . . . . . . . Robot Schematics Acquired 10 | . . . . 1 . 3 . . 6 . . . . . Robots Built 8 | . . . . . . 6 . . . . 2 . . . Authchips . | . . . . . . . . . . . . . . . Time 285 | . . . . . . 116 . . . . 169 . . . Total Robot Build Rating 30 | . . . . . . 18 . . . . 12 . . . Part Schematics Acquired 43 | . . . . 3 . 26 . . 8 . 6 . . . Parts Built 6 | . . . . . . 4 . . . . 2 . . . Authchips . | . . . . . . . . . . . . . . . Time 291 | . . . . . . 233 . . . . 58 . . . Total Part Build Rating 42 | . . . . . . 28 . . . . 14 . . . Part Studies Acquired . | . . . . . . . . . . . . . . . Parts Repaired 6 | . . . . . . 6 . . . . . . . . Time 218 | . . . . . . 218 . . . . . . . . Parts Recycled . | . . . . . . . . . . . . . . . Recycled Matter . | . . . . . . . . . . . . . . . Retrieved Matter . | . . . . . . . . . . . . . . . Retrieved Components 23 | . . . . 17 . 5 . . . . 1 . . . Parts Scanalyzed 22 | . . . . . . 17 . . . . 5 . . . Part Schematics Acquired 22 | . . . . . . 17 . . . . 5 . . . Parts Damaged 2 | . . . . . . 2 . . . . . . . . Bothacking | -11 -10 -10 -10 -9 -9 -6 -6 -6 -6 -5 -5 -5 -5 -5 ------------ Run | Yrd Mat Min Sub Rec Scr Fac Low Low Dat Pro Fac Upp Upp War Used RIF Installer . | . . . . . . . . . . . . . . . Robots Hacked . | . . . . . . . . . . . . . . . Non-combat . | . . . . . . . . . . . . . . . Combat . | . . . . . . . . . . . . . . . Robot Hacks Applied . | . . . . . . . . . . . . . . . Relay Couplers Released 8 | . . . . . . 6 . . . . 2 . . . Machine Destruction 2 | . . . . . . . . . . . 2 . . . Programmers 6 | . . . . . . 6 . . . . . . . . Fabnet Peak Effective % . | . . . . . . . . . . . . . . . Robots Rewired 5 | . . . . 1 . . . 2 . . . 2 . . Allies Hacked . | . . . . . . . . . . . . . . . Hacks Repelled . | . . . . . . . . . . . . . . . Allies | -11 -10 -10 -10 -9 -9 -6 -6 -6 -6 -5 -5 -5 -5 -5 -------- Run | Yrd Mat Min Sub Rec Scr Fac Low Low Dat Pro Fac Upp Upp War Total Allies 19 | . . 5 . 1 . 6 . 2 . 1 2 2 . . Largest Group 6 | . . 3 2 1 1 6 . 2 2 2 2 2 2 . Highest-Rated Group 108 | . . 50 42 27 27 96 . 58 58 96 108 79 79 . Highest-Rated Ally 96 | . . 31 31 27 27 27 . 32 32 96 54 49 49 . Total Orders . | . . . . . . . . . . . . . . . Ally Attacks 195 | . . 83 14 . . 45 . . . 37 2 4 10 . Total Damage 3127 | . . 702 173 . . 520 . . . 1162 181 74 315 . Kills 30 | . . 12 1 . . 6 . . . 6 1 2 2 . Allies Corrupted 1 | . . . . . . . . . . 1 . . . . Allies Melted 1 | . . 1 . . . . . . . . . . . . Intel | -11 -10 -10 -10 -9 -9 -6 -6 -6 -6 -5 -5 -5 -5 -5 ------- Run | Yrd Mat Min Sub Rec Scr Fac Low Low Dat Pro Fac Upp Upp War Active Infowar (turns) 21970 | . . . . . . 4877 1974 2314 187 3165 5358 1969 814 1312 Sensors 5514 | . . . . . . 2460 . . . . 3054 . . . IFF 1560 | . . . . . . . . . . 1560 . . . . Terrain 5409 | . . . . . . 1952 . 2291 187 979 . . . . Structural 3277 | . . . . . . 3277 . . . . . . . . Decoding 12466 | . . . . . . . . 2075 187 3165 2944 1969 814 1312 Triangulation 3778 | . . . . . . 1030 1974 774 . . . . . . Cloaking 503 | . . . . . . . . . . . 503 . . . ECM 11 | . . . . . . 11 . . . . . . . . Robot Analysis Total . | . . . . . . . . . . . . . . . Derelict Logs Recovered 10 | . . . 2 . . . 2 1 . 2 . 2 1 . Drone Launches . | . . . . . . . . . . . . . . . Drone Recoveries . | . . . . . . . . . . . . . . . Decoded 0b10 Intel 177 | . . . . . . . . . . . 177 . . . Items 177 | . . . . . . . . . . . 177 . . . Exploration | -11 -10 -10 -10 -9 -9 -6 -6 -6 -6 -5 -5 -5 -5 -5 ------------- Run | Yrd Mat Min Sub Rec Scr Fac Low Low Dat Pro Fac Upp Upp War Turns Passed 40603 | 113 766 1115 3894 1676 2046 13341 1974 2314 187 3165 5917 1969 814 1312 Spaces Moved 17491 | 53 378 551 2236 963 738 4520 1253 1229 84 1162 2133 1085 399 707 Core 63 | 17 . . . . . 46 . . . . . . . . Treads 17067 | 36 378 551 2236 963 738 4115 1253 1227 84 1162 2133 1085 399 707 Legs 2 | . . . . . . . . 2 . . . . . . Wheels . | . . . . . . . . . . . . . . . Hover 359 | . . . . . . 359 . . . . . . . . Flight . | . . . . . . . . . . . . . . . Fastest Speed 50 | 50 160 160 160 160 160 145 145 145 225 225 162 168 168 166 Average Speed 203 | 124 179 160 160 160 272 255 145 162 225 244 223 168 168 168 Slowest Speed 570 | 160 320 160 160 160 320 500 145 540 225 560 480 168 250 570 Overloaded Moves . | . . . . . . . . . . . . . . . Propulsion Burnouts . | . . . . . . . . . . . . . . . Robots Hopped . | . . . . . . . . . . . . . . . Potential Cave-ins 3 | . . . . . . . . . . . 3 . . . Cave-ins Triggered 1 | . . . . . . . . . . . 1 . . . Exploration Rate (%) 76 | 4 65 91 99 99 51 93 99 97 68 95 56 95 56 78 Regions Visited 14 Branch Regions 11 Pre-discovered Areas 6 | . . . 3 . . . 1 . 1 . . . 1 . Known Exits Taken 14 | 1 1 1 1 1 1 1 1 1 1 1 1 1 1 . Unknown Exits Taken . | . . . . . . . . . . . . . . . Scrap Searched 28 | . . 1 7 . 5 . 3 3 . 4 . 2 3 . Spaces Dug 20 | . . . . . . 5 . . . 1 14 . . . Terrain Destroyed 284 | . . . . . . 37 31 8 . 6 185 2 5 10 Melee . | . . . . . . . . . . . . . . . Projectile 123 | . . . . . . 24 8 4 . 5 73 2 4 3 AOE 159 | . . . . . . 13 23 4 . . 112 . . 7 Terrain Rammed . | . . . . . . . . . . . . . . . Walls Destroyed . | . . . . . . . . . . . . . . . Machines Disabled . | . . . . . . . . . . . . . . . Actions | -11 -10 -10 -10 -9 -9 -6 -6 -6 -6 -5 -5 -5 -5 -5 --------- Run | Yrd Mat Min Sub Rec Scr Fac Low Low Dat Pro Fac Upp Upp War Total 20815 | 85 413 700 2373 1067 777 5813 1357 1527 83 1392 2788 1154 488 798 Wait 1701 | 13 1 84 4 75 12 768 68 224 . 129 251 5 52 15 Move 17477 | 52 377 550 2235 962 737 4519 1252 1228 83 1161 2132 1084 398 707 Hop . | . . . . . . . . . . . . . . . Pick Up 171 | 7 5 9 6 . 14 61 3 24 . 9 26 2 1 4 Fast Attach 122 | 2 1 1 1 . 5 46 2 10 . 6 32 1 2 13 Attach 66 | 4 . 2 4 . . 27 1 1 . 8 11 . . 8 Detach 19 | . . . 3 . . 6 . . . 1 4 . . 5 Swap 76 | . 2 1 9 3 1 24 . 1 . 8 20 . 3 4 Drop 195 | . 1 . 10 3 8 82 3 9 . 11 44 2 3 19 Fire 883 | 7 26 48 56 16 . 278 28 12 . 59 263 40 29 21 Melee 50 | . . 5 45 . . . . . . . . . . . Ram . | . . . . . . . . . . . . . . . Kick . | . . . . . . . . . . . . . . . Crush 9 | . . . . 3 . 2 . 1 . . 1 . . 2 Escape Stasis 4 | . . . . . . . . . . . 4 . . . Rewire 41 | . . . . 5 . . . 16 . . . 20 . . Trap . | . . . . . . . . . . . . . . . Miscellaneous 1 | . . . . . . . . 1 . . . . . . Route ------- -11/Scrapyard -10/Materials (discovered 2 exits: *Mat / *Min) -10/Mines (discovered 3 exits: *Mat x2 / *Sub) -10/Subcaves (discovered 4 exits: *Mat x2 / *Rec / *Scr) -9/Recycling (discovered 2 exits: *Fac / *Scr) -9/Scraptown -6/Factory (discovered 6 exits: *Fac x4 / *Low x2) -6/Lower Caves -6/Lower Caves (discovered 2 exits: *Fac / *Dat) -6/Data Miner -5/Proximity Caves -5/Factory (discovered 4 exits: *Fac x2 / *Upp x2) -5/Upper Caves -5/Upper Caves (discovered 2 exits: *Fac / *War) -5/Warlord History --------- Turn | Location | Event 8 | -11/Scrapyard | Identified exit to Materials 8 | -11/Scrapyard | Discovered exit to Materials (range 16) 114 | -11/Scrapyard | Entered Materials 114 | -10/Materials | Evolved 1 slot: Utility x1 305 | -10/Materials | Build established: Hacker-Mutant 522 | -10/Materials | Identified exit to Materials 522 | -10/Materials | Discovered exit to Materials (range 3) 873 | -10/Materials | Identified exit to Mines 873 | -10/Materials | Discovered exit to Mines (range 5) 880 | -10/Materials | Entered Mines 881 | -10/Mines | Assembled infested the area 941 | -10/Mines | Discovered exit to Materials (range 11) 1059 | -10/Mines | Assisted by bots powering up and referring to "LRC-V3" 1300 | -10/Mines | Core integrity fell below 50% 1499 | -10/Mines | Discovered exit to Materials (range 13) 1789 | -10/Mines | Received a Rocket Launcher from a helpful Derelict 1832 | -10/Mines | A weapon hastily lodged in a ceiling crevice suddenly fell to the ground 1989 | -10/Mines | Identified exit to Subcaves 1989 | -10/Mines | Discovered exit to Subcaves (range 3) 1995 | -10/Mines | Entered Subcaves 1995 | -10/Subcaves | Accompanied by 2 allies 1996 | -10/Subcaves | Approached by a straggling Scientist 1999 | -10/Subcaves | Learned Materials interactive machine intel 2000 | -10/Subcaves | Led the pair of lost Derelicts to an unsafe place 2007 | -10/Subcaves | Ambushed by Subdwellers from Twisted Machinery 2200 | -10/Subcaves | Shifting Twisted Machinery released Battle Cannon 2214 | -10/Subcaves | Shifting Twisted Machinery released Sub. Optics 2276 | -10/Subcaves | Ambushed by Subdwellers from Twisted Machinery 2953 | -10/Subcaves | Learned location of Zion (-7) 3124 | -10/Subcaves | Shifting Twisted Machinery released Scrap Shield 3126 | -10/Subcaves | Shifting Twisted Machinery released Flamer 3135 | -10/Subcaves | Scientist uncovered a shortcut to Scraptown 3414 | -10/Subcaves | Visited Clippyterm 3419 | -10/Subcaves | Learned location of Deep Caves (-7) 3419 | -10/Subcaves | Learned location of Extension (-4) 3973 | -10/Subcaves | Identified exit to Materials 3973 | -10/Subcaves | Discovered exit to Materials (range 15) 4453 | -10/Subcaves | Shifting Twisted Machinery released Battle Cannon 4702 | -10/Subcaves | Core integrity fell below 20% 4863 | -10/Subcaves | Discovered exit to Materials (range 7) 5010 | -10/Subcaves | Visited 4L-MR0's lab 5723 | -10/Subcaves | Identified exit to Recycling 5723 | -10/Subcaves | Discovered exit to Recycling (range 14) 5889 | -10/Subcaves | Entered Recycling 6847 | -9/Recycling | Scanned before Scraplab entrance 6884 | -9/Recycling | Identified exit to Factory 6884 | -9/Recycling | Discovered exit to Factory (range 15) 7524 | -9/Recycling | Entered Scraplab 7537 | -9/Recycling | Identified exit to Scraptown 7537 | -9/Recycling | Discovered exit to Scraptown (range 3) 7565 | -9/Recycling | Entered Scraptown 7565 | -9/Scraptown | Accompanied by 1 ally 7565 | -9/Scraptown | System corruption cleaned by C-Scrubber 7861 | -9/Scraptown | Heard Great Nut preacher, LISTEN AND RECITE! 7938 | -9/Scraptown | Visited The Evicted 7999 | -9/Scraptown | Visited Awakened 8024 | -9/Scraptown | Visited Cyclists 8091 | -9/Scraptown | Visited Junk Repository 8248 | -9/Scraptown | Visited Red Mages 8392 | -9/Scraptown | Visited CR-KLE's Repair Center 8597 | -9/Scraptown | Identified exit to Factory 8597 | -9/Scraptown | Discovered exit to Factory (range 13) 9611 | -9/Scraptown | Entered Factory 9611 | -6/Factory | Accompanied by 1 ally 9611 | -6/Factory | Evolved 8 slots: Power x1, Propulsion x2, Utility x5 10074 | -6/Factory | Build established: Hacker-Skirmisher 10216 | -6/Factory | P-60 Hacker assimilated allied Savior 2a 10380 | -6/Factory | Spotted B-75 Beast 10425 | -6/Factory | Destroyed B-75 Beast 10559 | -6/Factory | Build established: Hacker-Mutant 10702 | -6/Factory | Identified exit to Factory 10702 | -6/Factory | Discovered exit to Factory (range 14) 10906 | -6/Factory | Build established: Hacker-Skirmisher 11006 | -6/Factory | Allied Derelicts emerged from ambush trap array 12629 | -6/Factory | Garrison activated, responded to threat 12866 | -6/Factory | Discovered exit to Factory (range 7) 12947 | -6/Factory | Build established: Hacker-Mutant 14429 | -6/Factory | Repaired Broken Imp. Plasma Cutter 14452 | -6/Factory | Repaired Gravmag System 14466 | -6/Factory | Repaired Lgt. Humpback 14685 | -6/Factory | Repaired Lgt. Fission Core 14711 | -6/Factory | Repaired Adv. Heat Sink 15053 | -6/Factory | Fabricated G-47 Trooper (x3) 15111 | -6/Factory | Fabricated G-47 Trooper (x3) 15581 | -6/Factory | Lost 3 allies 15924 | -6/Factory | Found Prototype Processor 15924 | -6/Factory | Identified Exp. Targeting Computer 15929 | -6/Factory | Found Exp. Targeting Computer 15934 | -6/Factory | Found Exp. Targeting Computer 15943 | -6/Factory | Found Exp. Targeting Computer 16566 | -6/Factory | Repaired Imp. Heavy Armor Plating 18297 | -6/Factory | Identified exit to Lower Caves 18297 | -6/Factory | Discovered exit to Lower Caves (range 13) 19161 | -6/Factory | Discovered exit to Factory (range 15) 20063 | -6/Factory | Discovered exit to Factory (range 15) 21409 | -6/Factory | Found Exp. Targeting Computer 21475 | -6/Factory | Fabricated Adv. Medium Treads (x2) 21542 | -6/Factory | Fabricated Adv. Medium Treads (x2) 21749 | -6/Factory | Discovered exit to Lower Caves (range 6) 22952 | -6/Factory | Entered Lower Caves 23108 | -6/Lower Caves | Learned Factory emergency access door positions 23198 | -6/Lower Caves | Encountered a Warlord checkpoint 23576 | -6/Lower Caves | Identified exit to Lower Caves 23576 | -6/Lower Caves | Discovered exit to Lower Caves (range 7) 23894 | -6/Lower Caves | Attracted the attention of an 0b10 base 23998 | -6/Lower Caves | Learned Factory security intel 23998 | -6/Lower Caves | Learned Extension terminal intel 23998 | -6/Lower Caves | Learned Extension garrison access intel 24353 | -6/Lower Caves | Ambushed by wild Derelicts 24926 | -6/Lower Caves | Entered another Lower Caves area 25297 | -6/Lower Caves | Identified exit to Data Miner 25297 | -6/Lower Caves | Discovered exit to Data Miner (range 8) 25609 | -6/Lower Caves | Activated DRS Beacon 26405 | -6/Lower Caves | Entered an active Warlord outpost 26418 | -6/Lower Caves | Discovered exit to Factory (range 18) 26430 | -6/Lower Caves | Learned location of 1 exit from Research 26430 | -6/Lower Caves | Learned Research security intel 26557 | -6/Lower Caves | Attracted the attention of an 0b10 outpost 26567 | -6/Lower Caves | Core integrity fell below 50% 26599 | -6/Lower Caves | Lost 3 parts (1n2u) 27114 | -6/Lower Caves | Build established: Scavenger-Mutant 27240 | -6/Lower Caves | Entered Data Miner 27240 | -6/Data Miner | Accompanied by 2 allies 27240 | -6/Data Miner | Identified exit to Proximity Caves 27240 | -6/Data Miner | Discovered exit to Proximity Caves (range 6) 27283 | -6/Data Miner | Met Data Miner 27321 | -6/Data Miner | Learned location of Section 7 (-2) 27321 | -6/Data Miner | Acquired the access code to Warlord's prototype stash 27364 | -6/Data Miner | Received God Mode back door access code from Data Miner 27427 | -6/Data Miner | Entered Proximity Caves 27427 | -5/Proximity Caves | Accompanied by 2 allies 27593 | -5/Proximity Caves | Spotter reported a threat 27698 | -5/Proximity Caves | Spotter reported a threat 27732 | -5/Proximity Caves | Learned 8 Factory zone layouts 27952 | -5/Proximity Caves | Spotted B-75 Beast 28161 | -5/Proximity Caves | Learned 8 Factory zone layouts 28446 | -5/Proximity Caves | Attracted the attention of an 0b10 checkpoint 28567 | -5/Proximity Caves | Discovered exit to Factory (range 9) 29298 | -5/Proximity Caves | Attracted the attention of an 0b10 base 29323 | -5/Proximity Caves | Escorted by Enhanced Grunt 29424 | -5/Proximity Caves | Learned location of 2 exits from Lower Caves 29424 | -5/Proximity Caves | Learned location of 1 exit from Proximity Caves 29424 | -5/Proximity Caves | Learned location of 1 exit from Factory 29946 | -5/Proximity Caves | Ambushed by research squad 29962 | -5/Proximity Caves | Destroyed B-75 Beast 30029 | -5/Proximity Caves | Lost 5 parts (3n2w) 30316 | -5/Proximity Caves | Found Corrupted Prototype Device 30316 | -5/Proximity Caves | Identified Exp. Thermal Shield 30592 | -5/Proximity Caves | Entered Factory 30592 | -5/Factory | Evolved 2 slots: Propulsion x1, Utility x1 30593 | -5/Factory | Identified exit to Upper Caves 30595 | -5/Factory | Identified exit to Factory 31177 | -5/Factory | Destroyed 7 combat bots 31317 | -5/Factory | Build established: Hacker-Mutant 31395 | -5/Factory | Incoming investigation squad redirected 31494 | -5/Factory | Garrison activated, responded to threat 31542 | -5/Factory | Fabricated P-70 Sage? 31901 | -5/Factory | Incoming investigation squad redirected 32589 | -5/Factory | Spotted B-75 Beast 32738 | -5/Factory | Destroyed B-75 Beast 33558 | -5/Factory | Incoming investigation squad redirected 33636 | -5/Factory | Crushed by falling debris 34064 | -5/Factory | Incoming investigation squad redirected 34102 | -5/Factory | Fabricated Adv. Medium Treads (x2) 34347 | -5/Factory | Core integrity fell below 50% 34363 | -5/Factory | Discovered exit to Factory (range 8) 34375 | -5/Factory | Lost 5 parts (1n3u1w) 35175 | -5/Factory | Garrison activated, responded to threat 35447 | -5/Factory | Lost 3 parts (1n1u1w) 36509 | -5/Factory | Entered Upper Caves 36718 | -5/Upper Caves | Learned Factory terminal intel 36946 | -5/Upper Caves | Attracted the attention of an 0b10 outpost 36973 | -5/Upper Caves | System corruption reached 10% 37277 | -5/Upper Caves | Identified exit to Upper Caves 37277 | -5/Upper Caves | Discovered exit to Upper Caves (range 10) 37285 | -5/Upper Caves | Entered a destroyed Warlord outpost 37358 | -5/Upper Caves | Learned location of 1 exit from Factory 38478 | -5/Upper Caves | Entered another Upper Caves area 38478 | -5/Upper Caves | Accompanied by 2 allies 38502 | -5/Upper Caves | Discovered exit to Factory (range 12) 38817 | -5/Upper Caves | Attracted the attention of an 0b10 base 38900 | -5/Upper Caves | Learned Research garrison access intel 38900 | -5/Upper Caves | Learned Armory security intel 38990 | -5/Upper Caves | Identified exit to Warlord 38990 | -5/Upper Caves | Discovered exit to Warlord (range 9) 39187 | -5/Upper Caves | Encountered a Warlord checkpoint 39292 | -5/Upper Caves | Entered Warlord 39350 | -5/Warlord | System corruption cleaned by Quarantine Array 39477 | -5/Warlord | Met Warlord 39502 | -5/Warlord | Warlord's base attacked by MAIN.C 39852 | -5/Warlord | Warlord forces counterattacked 39914 | -5/Warlord | Lost 4 allies 39972 | -5/Warlord | Opened Warlord's prototype stash 39982 | -5/Warlord | Found Prototype Device 39982 | -5/Warlord | Identified Exp. Phase Shifter 40001 | -5/Warlord | Found Prototype Hackware 40012 | -5/Warlord | Found Prototype Processor 40030 | -5/Warlord | Found Prototype Reactor 40030 | -5/Warlord | Identified Vortex Chain Reactor 40177 | -5/Warlord | Warlord base infiltrated, sounded retreat 40282 | -5/Warlord | Spotted Executioner 40351 | -5/Warlord | Destroyed Executioner 40362 | -5/Warlord | Found Prototype Processor 40362 | -5/Warlord | Identified Exp. Core Analyzer 40537 | -5/Warlord | Spotted Striker 40539 | -5/Warlord | Spotted Striker 40567 | -5/Warlord | Core integrity fell below 20% 40577 | -5/Warlord | Identified Exp. Armor Integrity Analyzer 40602 | -5/Warlord | Spotted Striker 40602 | -5/Warlord | Spotted Striker 40602 | -5/Warlord | Spotted Striker 40604 | -5/Warlord | Destroyed by G-50 Soldier with Heavy Laser Last Messages --------------- 40596_ Disruptor Cannon destroyed. 40600_ Critical hit (Smash). 40600_ Hyp. Gauss Cannon destroyed. 40600_ System corrupted by crushing effect (+1). 40600_ Critical hit (Burn: +37). 40602_ ANNOUNCEMENT: Detected 1 Programmer squad, 2 Grunt squads, 1 Demolisher squad, with prototype support. 40602_ Arm. Medium Treads destroyed. 40602_ Critical hit (Impale). 40603_ Vortex Chain Reactor destroyed. 40604_ Dropped Huge Storage Unit. 40604_ Machine Analyzer crushed and broken. 40604_ IFF Parser crushed and broken. 40604_ Imp. Plasma Cutter crushed and broken. 40604_ Adv. Signal Interpreter crushed and broken. 40604_ Adv. Remote Datajack crushed and broken. 40604_ Power Maul crushed and broken. 40604_ Triangulator crushed and broken. Map ----- +----------------------------------------------------+ | ?????????????????????????????????????? | | ?????????????????????????????????????? | | ?????????????????????????????????????? | | ?????????????????????????????????????? | | ?????????????????????????????????????? | | ?????????????????????????????????????? | | ?????????????????????????????????????? | | ?????????????????????????????????????? | | ?????????????????????????????????????? | | ?????????????????????????????????????? | | ?????????????????????????###?????????? | | ??????????????????? ??##=% ????????? | | ??????????????????? ??/ ?????#??? | | ???????????????????? ## #??? ##? | | ????????????????????? !#?" ?? | | ??""????????##????????# %%=##" #? | | ?#""#??###### ##??????# !%== ## | | ?#""#??# # ### ##?##???# %%!*#] | | ##""#### # # # ##???!==!/== /%i ;? | | ""# ##= [[ =!!# #???%!==!|;#/%bK#? | | "" ![ =#] = !##?###===%*=;%dg;;# | | "" = = # ##*!=!]==[=!dg# | | "" * = / / #####=%%*!%=%gggpp | | % % / = * = =% i =!#[![%%[=!g=gpK | | !% =%[[ g%ggb%%[===%Kg#??? | | %! %/=%=*[!%g@==%!!%! ;#?? | | ] %*%!ggKKl##]##[ ##?? | | "" ]*=bg*=#???# ##?? | | ""|=[ * == #/!!%=#?### #?? | | "" # "#=#;;#;#### !/!### # #?? | | ##"" #### #### #? ;= !;## #?? | | ##""### # #?###???####!%[ ;## #?? | | ?#""#?#####??????????# = ; # ##?? | | ?#""#????????????????; ;# # #??? | | ??""????????????????? ## ## ##??? | | ????????????????????# #?#### #???? | | ????????????????????# ;#????# #???? | | ????????????????????#% ;#????## ##??? | | ????????????????????; ;?????## #??? | | ????????????????????%!* ????## #??? | | ????????????????????[%[ ????# #??? | | ?????????????????????%= ????# #??? | | ????????????????????????????# #??? | | ????????????????????????????# #??? | | ????????????????????????????## ##??? | | ????????????????????????????? #???? | | ????????????????????????????? ##???? | | ?????????????????????????????####????? | | ?????????????????????????????????????? | | ?????????????????????????????????????? | +----------------------------------------------------+ Best States ------------- Heat Dissipation 117 Energy Generation 55 Energy Capacity 1110 Matter Stores 300 Matter Capacity 300 Sight Range 16 Robot Scan Range 16 Terrain Scan Range 20 Terrain Scan Density 210 ECM Strength 2 Cloak Strength 2 Additional Mass Support 12 Base Temperature (-) 150 EM Shielding 6 Armor Coverage 825 Resistance: KI 35 Resistance: TH 65 Resistance: EX 60 Resistance: EM 35 Resistance: I 35 Resistance: S 35 Resistance: P 35 Propulsion Shielding 33 Phase Shifting 20 Evasion (%) 60 Targeting Accuracy 36 Core Analysis 8 Armor Integrity Analysis 50 Recoil Reduction 8 Offensive Hacking 30 Defensive Hacking 38 Item Schematics ----------------- Hpw. Tractor Beam | -9/Recycling | Hacked Imp. Light Armor Plating | -9/Recycling | Hacked Plasma Cannon | -9/Recycling | Hacked Adv. Datajack | -6/Factory | Hacked Adv. Medium Treads | -6/Factory | Hacked Lgt. Humpback | -6/Factory | Scanalyzed Humpback | -6/Factory | Scanalyzed Imp. System Shield | -6/Factory | Scanalyzed Adv. Terrain Scanner | -6/Factory | Scanalyzed System Restoration Module | -6/Factory | Scanalyzed Imp. Plasma Cutter | -6/Factory | Scanalyzed Adv. Plasma Cannon | -6/Factory | Scanalyzed Hacking Suite | -6/Factory | Scanalyzed Imp. Cryofiber Web | -6/Factory | Scanalyzed IFF Parser | -6/Factory | Scanalyzed Imp. Datajack | -6/Factory | Scanalyzed Imp. Spread Laser | -6/Factory | Scanalyzed Adv. Signal Interpreter | -6/Factory | Scanalyzed Imp. Remote Datajack | -6/Factory | Scanalyzed Imp. Heavy Machine Gun | -6/Factory | Scanalyzed Exp. Targeting Computer | -6/Factory | Scanalyzed Prc. Assault Rifle | -6/Factory | Scanalyzed Force Field | -6/Factory | Hacked Wave Gun | -6/Factory | Hacked Lrn. Terrain Scanner | -6/Factory | Hacked Adv. Cooling System | -6/Factory | Hacked Adv. Power Amplifier | -6/Factory | Hacked Gravmag Array | -6/Factory | Hacked Micro-nuke Launcher | -6/Factory | Hacked Combat Drone Bay | -6/Data Miner | Free Lgt. Regenerative Plating | -6/Data Miner | Free Cld. Gravmag System | -6/Data Miner | Free Prc. Energy Filter | -6/Data Miner | Free Hvy. Gatling Laser | -6/Data Miner | Free Centrium Wheel | -6/Data Miner | Free Graphene Brace | -6/Data Miner | Free Q-thruster | -6/Data Miner | Free Linear Accelerator | -5/Factory | Hacked Imp. Heavy Armor Plating | -5/Factory | Scanalyzed Enh. Gauss Cannon | -5/Factory | Scanalyzed Power Sword | -5/Factory | Scanalyzed Magnetic Acceleration Cannon | -5/Factory | Scanalyzed Particle Reactor | -5/Factory | Scanalyzed Robot Schematics ------------------ G-34 Mercenary | -9/Recycling | Hacked G-47 Trooper | -6/Factory | Hacked G-50 Soldier | -6/Factory | Hacked L-41 Fighter | -6/Factory | Hacked P-70 Sage | -6/Data Miner | Free B-48 Gladiator | -6/Data Miner | Free A-15 Conveyor | -6/Data Miner | Free Y-54 Guardian | -6/Data Miner | Free H-66 Slayer | -6/Data Miner | Free A-27 Freighter | -6/Data Miner | Free Fabricated ------------ G-47 Trooper | x3 | -6/Factory G-47 Trooper | x3 | -6/Factory Adv. Medium Treads | x2 | -6/Factory Adv. Medium Treads | x2 | -6/Factory P-70 Sage | x2 | -5/Factory Adv. Medium Treads | x2 | -5/Factory Repaired ---------- Imp. Plasma Cutter | 71% | -6/Factory | Broken Gravmag System | 37% | -6/Factory Lgt. Humpback | 56% | -6/Factory Lgt. Fission Core | 18% | -6/Factory Adv. Heat Sink | 38% | -6/Factory Imp. Heavy Armor Plating | 74% | -6/Factory Studied --------- None Alien Tech Used ----------------- None Achievements -------------- Reappropriation Challenges ------------ None Game ------ Seed ModifiedPersonalSpecial Manual? 0 Play Time 02:54:20 Cumulative 209.6 hours Start 2025.12.18 @ 11:04:17 End 2025.12.18 @ 14:25:14 Sessions 1 Manual Loads 0 Difficulty Explorer Special Mode None Game No. 316 Rogue 0 Adventurer 0 Explorer 316 Win Type - Total 0 Types 0/0/0/0/0/0/0/0/0/0 Lore% 71 Gallery% 68 Achievement% 53 Wizard Run 0 Options --------- Layout 1 ASCII 0 Keyboard 0 Movement Mouse Keybinds 0 Fullscreen 1 Font 24/Smallcaps Map View 50x35 Zoom Use 0% Tactical HUD 1 Map Filters NONE Filters NONE Steam 1 RUN: 02619381-efff-49c2-b5f3-7882ca513998